 Dungeon Crawl Stone Soup version 0.27-a0-887-gcab673c142 (webtiles) character file.

Game seed: 12247775182166521529

416006 rageheart7 the Impregnable (level 23, -15/152 HPs)
             Began as a Gargoyle Monk on Apr 3, 2021.
             Was the Champion of Makhleb.
             Killed from afar by an ancient lich (49 damage)
             ... with a bolt of acid
             ... on level 5 of the Vaults.
             The game lasted 01:45:59 (42833 turns).

rageheart7 the Impregnable (Gargoyle Monk)         Turns: 42833, Time: 01:46:00

Health: -15/152    AC: 64    Str: 31    XL:     23   Next: 61%
Magic:  35/37      EV:  9    Int: 16    God:    Makhleb [******]
Gold:   1609       SH: 17    Dex: 20    Spells: 22/22 levels left

rFire    + . .     SeeInvis .   W - +9 demon whip (elec)
rCold    + . .     Faith    .   M - +1 kite shield {reflect}
rNeg     + + .     Spirit   .   A - +11 crystal plate armour
rPois    ∞         Reflect  +   U - +0 helmet {Int+3}
rElec    +         Harm     .   K - scarf {rC+ rF+}
rCorr    .         Rampage  .   m - +0 pair of gloves
Will     +....                  d - +1 pair of boots
Stlth    ..........             B - amulet of regeneration
HPRegen  1.35/turn              T - ring "Hyesuf" {Str+5 Dex+6 Slay+3}
MPRegen  0.25/turn              j - ring of Xalu {rN+ Str+3 Dex+2 Slay+3}

@: marked, flying, studying 2 skills
A: AC +17, big wings, negative energy resistance 1, electricity resistance,
torment resistance 1, unbreathing 1, petrification resistance
}: 2/15 runes: decaying, serpentine
a: Renounce Religion, Minor Destruction, Lesser Servant of Makhleb, Major
Destruction, Greater Servant of Makhleb


You were on level 5 of the Vaults.
You worshipped Makhleb.
Makhleb was exalted by your worship.
You visited 6 branches of the dungeon, and saw 35 of its levels.
You visited the Abyss 1 time.
You visited 1 bazaar.
You also visited: Gauntlet.

You collected 4873 gold pieces.
You spent 3264 gold pieces at shops.

Inventory:

Hand Weapons
 f - a +5 great mace of distortion
 o - a +2 great mace of holy wrath
 L - the +11 whip of Balance {drain, *Noise +Inv rElec rC++}
   (You found it on level 3 of the Vaults)

   A truly terrible weapon, it drains the life of those it strikes.
   It greatly protects you from cold.
   It insulates you from electricity.
   It lets you turn invisible.
   It may make noises in combat.
 N - a +2 vorpal great mace
 V - the +9 staff of Wucad Mu {*channel}
   (You found it on level 1 of the Vaults)
 W - a +9 demon whip of electrocution (weapon)
Armour
 d - a +1 pair of boots (worn)
 m - a +0 pair of gloves (worn)
 v - a +3 plate armour of willpower
 A - a +11 crystal plate armour (worn)
 J - a +2 cloak of stealth
 K - a scarf of resistance (worn)
 M - a +1 kite shield of reflection (worn)
 U - a +0 helmet of intelligence (worn)
Jewellery
 j - the ring of Xalu (right hand) {rN+ Str+3 Dex+2 Slay+3}
   (You bought it in a shop on level 3 of the Snake Pit)

   [ring of positive energy]

   It affects your strength (+3).
   It affects your dexterity (+2).
   It affects your accuracy and damage with ranged weapons and melee attacks
   (+3).
   It protects you from negative energy.
 r - a ring of positive energy
 z - the ring "Reichyca" {rC+ Int+2 Slay+3}
   (You bought it in a shop in a bazaar)

   [ring of protection from cold]

   It affects your intelligence (+2).
   It affects your accuracy and damage with ranged weapons and melee attacks
   (+3).
   It protects you from cold.
 B - an amulet of regeneration (around neck)
 Q - a ring of willpower
 T - the ring "Hyesuf" (left hand) {Str+5 Dex+6 Slay+3}
   (You bought it in a shop on level 3 of the Snake Pit)

   [ring of dexterity]

   It affects your strength (+5).
   It affects your dexterity (+6).
   It affects your accuracy and damage with ranged weapons and melee attacks
   (+3).
Wands
 x - a wand of iceblast (54)
 D - a wand of digging (22)
 R - a wand of acid (20)
Scrolls
 g - 3 scrolls of enchant weapon
 h - 9 scrolls of teleportation
 k - a scroll of fear
 l - 3 scrolls of brand weapon
 p - 4 scrolls of summoning
 y - a scroll of blinking
 C - 3 scrolls of holy word
 F - a scroll of amnesia
 H - 3 scrolls of magic mapping
Potions
 b - 8 potions of resistance
 c - 3 potions of might
 e - a potion of curing
 i - 7 potions of brilliance
 n - a potion of ambrosia {unknown}
 q - 4 potions of magic
 s - 11 potions of attraction
 t - 6 potions of berserk rage
 u - 4 potions of lignification
 w - a potion of haste
 E - a potion of cancellation
 I - 6 potions of flight
Miscellaneous
 G - a phantom mirror


   Skills:
 - Level 18.0 Fighting
 * Level 20.6 Maces & Flails
 - Level 2.1(14.2) Staves
 - Level 23.0 Armour
 - Level 2.4 Dodging
 - Level 2.1 Stealth
 - Level 15.0 Shields
 - Level 20.0 Invocations


You had 22 spell levels left.
You didn't know any spells.
Your spell library contained the following spells:

 Spells                   Type           Power      Damage    Failure   Level
 Animate Skeleton         Necr           0%         N/A       87%         1
 Apportation              Tloc           0%         N/A       87%         1
 Beastly Appendage        Tmut           0%         N/A       87%         1
 Corona                   Hex            0%         N/A       87%         1
 Pain                     Necr           0%         1d4       87%         1
 Sandblast                Erth           0%         2d4       87%         1
 Shock                    Conj/Air       0%         1d3       87%         1
 Sting                    Tmut/Pois      0%         1d3       87%         1
 Summon Small Mammal      Summ           0%         N/A       87%         1
 Blink                    Tloc           N/A        N/A       95%         2
 Call Imp                 Summ           0%         N/A       95%         2
 Ensorcelled Hibernation  Hex/Ice        0%         N/A       95%         2
 Passwall                 Tmut/Erth      0%         N/A       95%         2
 Poisonous Vapours        Pois/Air       0%         N/A       95%         2
 Slow                     Hex            0%         N/A       95%         2
 Swiftness                Air            0%         N/A       95%         2
 Wereblood                Tmut           0%         N/A       95%         2
 Call Canine Familiar     Summ           0%         N/A       99%         3
 Confusing Touch          Hex            0%         N/A       99%         3
 Conjure Flame            Conj/Fire      0%         6-21      99%         3
 Dazzling Flash           Conj/Hex       0%         N/A       99%         3
 Gell's Gravitas          Tloc           0%         N/A       99%         3
 Ignite Poison            Fire/Tmut/Pois 0%         N/A       99%         3
 Inner Flame              Hex/Fire       0%         N/A       99%         3
 Mephitic Cloud           Conj/Pois/Air  0%         N/A       99%         3
 Portal Projectile        Hex/Tloc       0%         N/A       99%         3
 Spider Form              Tmut/Pois      0%         N/A       99%         3
 Static Discharge         Conj/Air       0%         N/A       99%         3
 Stone Arrow              Conj/Erth      0%         3d7       99%         3
 Summon Guardian Golem    Hex/Summ       0%         N/A       99%         3
 Tukima's Dance           Hex            0%         N/A       99%         3
 Vampiric Draining        Necr           0%         2d6       99%         3
 Airstrike                Air            0%         N/A       100%        4
 Animate Dead             Necr           0%         N/A       100%        4
 Cause Fear               Hex            0%         N/A       100%        4
 Ice Form                 Ice/Tmut       0%         N/A       100%        4
 Leda's Liquefaction      Hex/Erth       0%         N/A       100%        4
 Olgreb's Toxic Radiance  Pois           0%         N/A       100%        4
 Petrify                  Tmut/Erth      0%         N/A       100%        4
 Summon Ice Beast         Ice/Summ       0%         N/A       100%        4
 Summon Lightning Spire   Summ/Air       0%         N/A       100%        4
 Agony                    Necr           0%         N/A       100%        5
 Fireball                 Conj/Fire      0%         3d3       100%        5
 Hydra Form               Tmut           0%         N/A       100%        5
 Irradiate                Conj/Tmut      0%         3d13      100%        5
 Lee's Rapid Deconstruct  Erth           0%         3d5*      100%        5
 Lightning Bolt           Conj/Air       0%         1d11      100%        5
 Metabolic Englaciation   Hex/Ice        0%         N/A       100%        5
 Summon Forest            Summ/Tloc      0%         N/A       100%        5
 Summon Mana Viper        Hex/Summ       0%         N/A       100%        5
 Yara's Violent Unravell  Hex/Tmut       0%         3d3       100%        5
 Blade Hands              Tmut           0%         N/A       100%        6
 Dispersal                Tloc           0%         N/A       100%        6
 Freezing Cloud           Conj/Ice/Air   0%         6-21      100%        6
 Shadow Creatures         Summ           N/A        N/A       100%        6
 Dragon Form              Tmut           0%         N/A       100%        7
 Malign Gateway           Summ/Tloc      0%         N/A       100%        7
 Summon Hydra             Summ           0%         N/A       100%        7
 Chain Lightning          Conj/Air       0%         N/A       100%        8
 Lehudib's Crystal Spear  Conj/Erth      0%         10d2      100%        8
 Absolute Zero            Ice            0%         ∞         100%        9
 Fire Storm               Conj/Fire      0%         5d1       100%        9
 Statue Form              Tmut/Erth      Unusable   N/A       N/A         6

Dungeon Overview and Level Annotations

Branches:
Dungeon (14/15)            Temple (0/1) D:7            Lair (6/6) D:11
  Swamp (4/4) Lair:3        Snake (4/4) Lair:2        Slime (0/5) Lair:6
    Orc (2/2) D:10            Elf (0/3) Orc:2        Vaults (5/5) D:13
  Crypt (0/3) Vaults:3    Gauntlet (visited)

Altars:
Ashenzari
Cheibriados
Elyvilon
Fedhas
Gozag
Hepliaklqana
Kikubaaqudgha
Makhleb
Nemelex Xobeh
Okawaru
Ru
Sif Muna
Uskayaw
Vehumet
Yredelemnul
Zin
Beogh
Jiyva
Lugonu

Shops:
Orc:2 :*[(   Snake:2 =:=   Snake:3 (=((=

Portals:
Abyss: D:6

Annotations:
D:5 exclusion: statue
D:6 3 runed translucent doors, jasper's ghost, novice DsDe
D:9 3 runed translucent doors, mojowtm's ghost, novice SpCj; quoriil's ghost, novice DjIE
D:14 Louise
Snake:1 2 transporters


Innate Abilities, Weirdness & Mutations

Your stone body is resilient. (AC +17)
You are immune to poison.
Your large and strong wings let you fly.
You resist negative energy. (rN+)
You are resistant to electric shocks. (rElec)
You are resistant to unholy torment.
You can survive without breathing.
You are immune to petrification.


Message History

You block the ancient lich's attack.
You hit the ancient lich.
The ancient lich is heavily damaged.
The dread lich casts a spell.
You whack the ancient lich!
The ancient lich is heavily damaged.
The ettin hits you but does no damage. You block the ettin's attack.
The ancient lich touches you but does no damage.
You closely miss the ancient lich.
The ancient lich is heavily damaged.
The sphinx casts a spell.
Something smites you!
You thrash the ancient lich!!
The ancient lich is almost destroyed.
You block the ettin's attack. x2
The ancient lich gestures at you while chanting.
The crystal spear hits you!!!!
Ouch! That really hurt!
* * * LOW HITPOINT WARNING * * *
The deep elf pyromancer gestures wildly while chanting.
The deep elf pyromancer blinks!
A two-headed ogre comes into view.
It is wielding a +0 giant club and a +0 giant spiked club.
The vault sentinel blows a loud note on a signal horn!
You hit the ancient lich.
The ancient lich is almost destroyed.
You hit the ancient lich.
The ancient lich is almost destroyed.
You block the ettin's attack. x2
The ancient lich points at you and mumbles some strange words.
You barely resist.
A two-headed ogre comes into view. It is wielding two +0 giant clubs.
You barely miss the ancient lich.
The ancient lich is almost destroyed.
The phantasmal warrior blinks!
You hit the ancient lich but do no damage.
The ancient lich is almost destroyed.
You block the ettin's attack. x2
The ancient lich casts a spell at you. The bolt of acid hits you!!!
You die...

..'###'.....(###
##.
..'......O...## #
#..)...O....#
#.....H....#
#.)....p...#
#)....OT...## #
##e..WTHT.#+# ..#
###.cTL###.#Tp..#
#####@CLpppc....
####c§T..$..
.........
.........
##########


You could see an ancient lich, a dread lich, 2 sphinxes, 2 vault wardens, 2
yaktaur captains, 2 vault guards, an ettin, 2 two-headed ogres, 5 deep trolls, a
phantasmal warrior, an ironbound convoker, a yaktaur (strong), a deep elf
pyromancer and an ogre.

Vanquished Creatures
  2 dread liches (Vaults:4)
  Frederick (Vaults:2)
  Margery (Vaults:2)
  Nikola (Snake:4)
  2 golden dragons
  2 bone dragons (Abyss:3)
  4 tentacled monstrosities
  Jorgrun (Orc:1)
  A lich (Vaults:1)
  A quicksilver dragon (Vaults:5)
  A titan (Vaults:5)
  2 tentacled starspawn (Abyss:3)
  3 shadow dragons
  5 tengu reavers
  2 storm dragons
  Donald (Vaults:2)
  11 nagarajas
  14 vault wardens
  2 frost giants (Vaults:5)
  A deep elf sorcerer (Vaults:2)
  2 fire giants
  Aizul (Snake:3)
  18 ironbound preservers
  5 orc warlords
  6 war gargoyles
  8 very ugly things
  The ghost of mhtbhm the Severer, a journeyman MiFi of Trog (Lair:6)
  A deep elf demonologist (Vaults:5)
  A stone giant (Vaults:1)
  Nessos (Orc:2)
  7 starcursed masses (Abyss:3)
  A vampire knight (Vaults:1)
  2 deep elf annihilators
  A minotaur (Gauntlet)
  11 dire elephants
  A spark wasp (Swamp:1)
  6 bunyips
  An entropy weaver (Vaults:1)
  4 ettins
  5 crystal guardians
  A deep elf death mage (Vaults:1)
  5 eleionomae
  Snorg (D:12)
  2 salamander tyrants (Snake:4)
  A deep elf high priest (Vaults:5)
  A fire dragon (Vaults:1)
  14 yaktaur captains
  27 hydras
  A hydra (shapeshifter) (Vaults:4)
  3 great orbs of eyes
  6 ironbound thunderhulks
  38 vault guards
  An ogre mage (D:13)
  5 peacekeepers
  A quicksilver dragon skeleton (Vaults:4)
  A spriggan air mage (Swamp:4)
  14 naga warriors
  Erolcha (D:10)
  9 ironbound frosthearts
  5 boulder beetles
  10 anacondas
  3 ghost crabs
  14 centaur warriors
  3 alligators
  2 death yaks (Lair:5)
  2 orc high priests (Orc:2)
  A two-headed ogre (D:11)
  Urug (D:13)
  8 ironbound beastmasters
  A shock serpent (shapeshifter) (D:13)
  6 thrashing horrors (Abyss:3)
  Sonja (Lair:1)
  A tengu warrior (D:13)
  5 hell knights
  9 shock serpents
  12 naga sharpshooters
  A titan skeleton (Vaults:4)
  A deep elf knight (Vaults:5)
  A fire crab (shapeshifter) (D:13)
  2 shadow wraiths
  2 sixfirhies (Gauntlet)
  A wretched star (Abyss:3)
  9 goliath frogs
  10 swamp dragons
  8 salamander mystics
  A sea snake (shapeshifter) (Vaults:3)
  2 spectral humans (Vaults:2)
  A glowing orange brain (Vaults:3)
  44 deep trolls
  7 spriggan druids
  3 bog bodies
  21 ironbound convokers
  12 lindwurms
  7 naga ritualists
  8 wizards
  6 orc knights
  3 necromancers
  2 deep elf pyromancers (D:13)
  15 mana vipers
  2 harpies (Vaults:1)
  5 phantasmal warriors
  2 manticores (D:13)
  3 orc sorcerers
  6 cyclopes
  2 will-o-the-wisps
  20 ugly things
  11 elephants
  11 salamanders
  A cyclops (shapeshifter) (Vaults:1)
  A worldbinder (Abyss:3)
  2 guardian serpents (shapeshifter) (D:13)
  17 vault sentinels
  A spectral ettin (Vaults:2)
  A fire giant skeleton (Vaults:1)
  Maurice (D:8)
  38 black mambas
  A human skeleton (Vaults:1)
  An orange demon (Abyss:3)
  An elf zombie (Vaults:4)
  A water nymph (shapeshifter) (Vaults:1)
  A torpor snail (shapeshifter) (D:13)
  11 guardian serpents
  16 naga magi
  A torpor snail (Lair:6)
  A cane toad (shapeshifter) (D:13)
  22 cane toads
  26 yaktaurs
  3 kobold demonologists (D:12)
  An efreet (D:13)
  4 rime drakes
  A freezing wraith (Vaults:5)
  7 komodo dragons
  3 unseen horrors
  An ice devil (Gauntlet)
  2 yaktaur skeletons (Vaults:1)
  A tengu conjurer (D:13)
  An ancient zyme (Abyss:3)
  A hellwing (Abyss:3)
  A tengu simulacrum (Vaults:2)
  13 hornets
  9 tyrant leeches
  A meliai (D:13)
  2 polar bears
  6 trolls
  6 blink frogs
  44 slime creatures
  Grinder (D:3)
  A hornet (shapeshifter) (Vaults:5)
  A jumping spider (Vaults:1)
  8 raiju (Abyss:3)
  An ettin zombie (Vaults:4)
  2 human simulacra (Vaults:2)
  A snapping turtle (shapeshifter) (Vaults:1)
  4 large abominations (Abyss:3)
  A redback (shapeshifter) (Vaults:1)
  Sigmund (D:4)
  A spriggan (shapeshifter) (Abyss:3)
  11 spriggans
  A shadow (D:12)
  5 wraiths
  A ynoxinul (Abyss:3)
  3 hogs (Lair:4)
  15 humans
  40 yaks
  5 wyverns
  6 basilisks
  4 steam dragons
  3 small abominations (Abyss:3)
  15 vampire mosquitoes
  A chaos spawn (Abyss:3)
  A yaktaur simulacrum (Vaults:1)
  4 wargs (Orc:1)
  16 swamp worms
  37 nagas
  8 water moccasins
  A floating eye (shapeshifter) (Vaults:1)
  A floating eye (Vaults:1)
  27 orc warriors
  An orc zombie (Vaults:1)
  8 swamp drakes
  3 ice beasts
  2 sky beasts (D:6)
  An elf simulacrum (Vaults:2)
  5 black bears
  3 necrophages
  2 human zombies
  A phantom (D:3)
  6 ogres
  24 wolves
  4 boggarts
  A tengu (shapeshifter) (D:13)
  9 centaurs
  7 kobold brigands
  4 bullfrogs
  A gnoll sergeant (D:6)
  A scorpion (D:2)
  A wyvern zombie (D:7)
  2 glowing shapeshifter simulacra
  A wyvern skeleton (D:7)
  7 killer bees
  3 howler monkeys
  5 electric eels
  A bullfrog zombie (D:6)
  3 centaur zombies
  2 hounds
  2 jellies (D:2)
  25 orc priests
  A gnoll shaman (D:5)
  An iron imp (Abyss:3)
  2 bullfrog skeletons
  5 iguanas
  A scorpion zombie (D:5)
  24 orc wizards
  A killer bee zombie (D:2)
  A hound skeleton (D:5)
  A howler monkey zombie (D:9)
  A howler monkey skeleton (D:6)
  16 gnolls
  10 adders
  5 white imps
  An ufetubus (D:5)
  An adder zombie (D:5)
  An adder skeleton (D:4)
  2 worms
  4 dart slugs
  65 orcs
  6 ball pythons
  18 endoplasms
  5 giant cockroaches
  3 goblins
  10 hobgoblins
  6 jackals
  5 quokkas
  6 bats
  4 frilled lizards (D:2)
  40 kobolds
  4 rats
  9 butterflies (Vaults:1)
1458 creatures vanquished.

Vanquished Creatures (collateral kills)
  The ghost of quaternion the Impregnable, a veteran MiFi of Makhleb (Vaults:2)
  the Lernaean hydra (Swamp:4)
  Rupert (D:13)
  A sphinx (Vaults:1)
  Kirke (Lair:4)
  A storm dragon (Vaults:1)
  A nagaraja (Snake:2)
  A fire giant (Vaults:1)
  An ironbound preserver (Vaults:5)
  A stone giant (Vaults:4)
  A dire elephant (Lair:6)
  2 ettins (Vaults:1)
  A yaktaur captain (Vaults:5)
  Harold (Lair:1)
  2 vault guards
  2 death yaks (Lair:5)
  A hell knight (Vaults:2)
  A goliath frog (Swamp:4)
  A deep troll (Vaults:5)
  2 swamp dragons (Swamp:4)
  An orc knight (Orc:1)
  A cyclops (D:13)
  2 elephants
  A vault sentinel (Vaults:2)
  2 spectral elves (Vaults:2)
  3 naga magi
  A minotaur zombie (Gauntlet)
  2 komodo dragons (Lair:4)
  A freezing wraith (Vaults:5)
  A polar bear (Lair:6)
  2 blink frogs (Lair:4)
  2 spriggans
  5 yaks
  A human (Lair:4)
  4 vampire mosquitoes (Swamp:2)
  A swamp worm (Swamp:1)
  2 nagas (Snake:2)
  A warg (Orc:2)
  3 water moccasins
  A swamp drake (Swamp:4)
  3 orc warriors
  3 wolves (Lair:6)
  A bullfrog (Lair:4)
  A glowing shapeshifter simulacrum (Vaults:2)
  An orc priest (Orc:2)
  An orc wizard (Orc:1)
  5 orcs (Orc:2)
76 creatures vanquished.

Vanquished Creatures (others)
  A bloated husk (Swamp:4)
  A human (D:13)
  An orc warrior (Orc:2)
  A boggart (Vaults:1)
  An orc (D:11)
  2 demonic plants (Gauntlet)
  6 foxfires (Swamp:1)
  32 fungi
  82 plants
  5 starspawn tentacles (Abyss:3)
  7 toadstools (D:2)
  6 withered plants (D:9)
145 creatures vanquished.

Grand Total: 1679 creatures vanquished

Notes
Turn   | Place    | Note
-------+----------+-------------------------------------------
     0 | D:1      | rageheart7 the Gargoyle Monk began the quest for the Orb.
     0 | D:1      | Reached XP level 1. HP: 14/14 MP: 1/1
   233 | D:1      | Reached XP level 2. HP: 19/19 MP: 2/2
   886 | D:1      | Reached XP level 3. HP: 24/24 MP: 3/3
  1137 | D:1      | Found a faded altar of an unknown god.
  1421 | D:2      | Reached skill level 1 in Staves
  1421 | D:2      | Reached XP level 4. HP: 30/30 MP: 4/4
  1689 | D:2      | Reached XP level 5. HP: 34/34 MP: 5/5
  1770 | D:2      | Reached skill level 5 in Fighting
  1799 | D:2      | Identified the +9 whip of Tibeo {vorpal, Will+ Str+4 Dex+3}
  2100 | D:2      | Reached XP level 6. HP: 19/40 MP: 6/6
  2805 | D:3      | Found a shimmering blue altar of Sif Muna.
  2977 | D:3      | You fall into a shaft and drop 3 floors!
  2978 | D:6      | Noticed an orc warrior
  2978 | D:6      | Noticed a steam dragon
  3037 | D:6      | Reached skill level 5 in Maces & Flails
  3097 | D:6      | Noticed a sky beast
  3110 | D:6      | Noticed a manticore
  3110 | D:6      | Noticed an acid dragon
  3110 | D:6      | Noticed jasper's ghost (novice DsDe)
  3111 | D:6      | Found a runed translucent gate.
  3111 | D:6      | Found a runed translucent gate.
  3111 | D:6      | Found a runed translucent gate.
  3111 | D:6      | Noticed a sky beast
  3120 | D:6      | Noticed a black bear
  3141 | D:6      | Killed a black bear
  3142 | D:6      | Reached XP level 7. HP: 39/47 MP: 7/7
  3402 | D:6      | Found a glowing silver altar of Zin.
  3421 | D:6      | Noticed a steam dragon
  3435 | D:6      | Killed a steam dragon
  3436 | D:6      | Reached XP level 8. HP: 13/54 MP: 8/8
  3834 | D:5      | Entered Level 5 of the Dungeon
  4257 | D:4      | Found a burning altar of Makhleb.
  4286 | D:3      | Noticed Grinder
  4293 | D:3      | Killed Grinder
  4801 | D:4      | Noticed Sigmund
  4810 | D:4      | Killed Sigmund
  4869 | D:4      | Reached XP level 9. HP: 29/60 MP: 9/9
  5839 | D:4      | Became a worshipper of Makhleb the Destroyer
  5839 | D:4      | Reached * piety under Makhleb
  5839 | D:4      | Reached ** piety under Makhleb
  5909 | D:5      | Reached skill level 1 in Invocations
  5919 | D:5      | Found a hazy altar of Hepliaklqana.
  5983 | D:5      | Reached skill level 10 in Fighting
  6158 | D:5      | Found a snail-covered altar of Cheibriados.
  6202 | D:5      | Found a radiant altar of Vehumet.
  6496 | D:6      | Found a large runed translucent door.
  6496 | D:6      | Found a large runed translucent door.
  6496 | D:6      | Found a corrupted altar of Lugonu.
  6775 | D:6      | Found a sacrificial altar of Ru.
  6975 | D:6      | Found a one-way gate to the infinite horrors of the Abyss.
  7226 | D:7      | Found a staircase to the Ecumenical Temple.
  7238 | D:7      | Reached skill level 1 in Armour
  7238 | D:7      | Reached XP level 10. HP: 68/68 MP: 12/12
  7413 | D:7      | Found an ancient bone altar of Kikubaaqudgha.
  7570 | D:7      | Reached *** piety under Makhleb
  7872 | D:7      | Reached skill level 2 in Armour
  7885 | D:8      | Noticed Maurice
  7893 | D:8      | Reached skill level 10 in Maces & Flails
  7927 | D:8      | Killed Maurice
  8289 | D:8      | Reached skill level 3 in Armour
  8485 | D:8      | Noticed a boulder beetle
  8511 | D:8      | Killed a boulder beetle
  8512 | D:8      | Reached skill level 5 in Invocations
  8918 | D:8      | Found a hide-covered altar of Uskayaw.
  9190 | D:9      | Found a runed translucent gate.
  9191 | D:9      | Found a runed translucent gate.
  9192 | D:9      | Found a runed translucent gate.
  9194 | D:9      | Noticed quoriil's ghost (novice DjIE)
  9194 | D:9      | Noticed mojowtm's ghost (novice SpCj)
  9278 | D:9      | Identified the +3 chain mail of the Trilobite {rElec rPois
                  | SInv Stlth+}
  9292 | D:9      | Found a large runed translucent door.
  9293 | D:9      | Found a large runed translucent door.
  9515 | D:9      | Reached skill level 4 in Armour
  9607 | D:9      | Reached **** piety under Makhleb
  9630 | D:9      | Found a sparkling altar of Nemelex Xobeh.
 10379 | D:9      | Found a white marble altar of Elyvilon.
 10394 | D:9      | Found an iron altar of Okawaru.
 10474 | D:10     | Entered Level 10 of the Dungeon
 10609 | D:10     | Reached skill level 5 in Armour
 10609 | D:10     | Reached XP level 11. HP: 73/73 MP: 13/15
 10665 | D:10     | Noticed Erolcha
 10677 | D:10     | Killed Erolcha
 10790 | D:10     | Reached skill level 6 in Armour
 10816 | D:10     | Found an opulent altar of Gozag.
 10867 | D:10     | Found a staircase to the Orcish Mines.
 10931 | D:10     | Found a broken altar of Ashenzari.
 10969 | D:10     | Found a blossoming altar of Fedhas.
 11240 | D:11     | Found a staircase to the Lair.
 11241 | D:11     | You fall into a shaft and drop 2 floors!
 11241 | D:13     | Noticed a centaur warrior
 11242 | D:13     | Noticed a purple ugly thing
 11248 | D:13     | Noticed a moth of wrath
 11252 | D:13     | a moth of wrath changed into a guardian serpent
 11257 | D:13     | Noticed a centaur warrior
 11291 | D:13     | Reached skill level 7 in Armour
 11296 | D:13     | Noticed Rupert
 11296 | D:13     | Noticed a swamp dragon
 11296 | D:13     | Noticed a tengu warrior
 11296 | D:13     | Noticed Urug
 11303 | D:13     | a swamp dragon changed into a water nymph
 11318 | D:13     | Noticed a cyclops
 11328 | D:13     | Killed a cyclops
 11412 | D:12     | Found a gate leading to a gauntlet.
 11422 | Gauntlet | Entered a Gauntlet
 11422 | Gauntlet | Found a transporter.
 11422 | Gauntlet | Found a transporter.
 11426 | Gauntlet | Found a transporter.
 11426 | Gauntlet | Found a transporter.
 11435 | Gauntlet | Found a transporter.
 11439 | Gauntlet | Found a large runed translucent door.
 11447 | Gauntlet | Noticed an oklob plant
 11448 | Gauntlet | Found a transporter.
 11448 | Gauntlet | Noticed a lindwurm
 11458 | Gauntlet | Found a transporter.
 11458 | Gauntlet | Found a transporter.
 11461 | Gauntlet | Found a transporter.
 11465 | Gauntlet | Noticed a sixfirhy
 11467 | Gauntlet | Noticed a sixfirhy
 11488 | Gauntlet | Found a transporter.
 11495 | Gauntlet | Found a transporter.
 11540 | Gauntlet | Found a transporter.
 11550 | Gauntlet | Found a transporter.
 11566 | Gauntlet | Found a transporter.
 11653 | Gauntlet | Noticed a glowing orange brain
 11667 | Gauntlet | Found a transporter.
 11669 | Gauntlet | Found a large runed translucent door.
 11669 | Gauntlet | Found a large runed translucent door.
 11670 | Gauntlet | Found a large runed translucent door.
 11670 | Gauntlet | Found a large runed translucent door.
 11671 | Gauntlet | Found a large runed translucent door.
 11671 | Gauntlet | Found a runed translucent door.
 11671 | Gauntlet | Found a runed translucent door.
 11671 | Gauntlet | Found a large runed translucent door.
 11671 | Gauntlet | Found a large runed translucent door.
 11671 | Gauntlet | a glowing orange brain changed into a snapping turtle
 11672 | Gauntlet | Found a large runed translucent door.
 11672 | Gauntlet | Found a large runed translucent door.
 11675 | Gauntlet | Found a large runed translucent door.
 11675 | Gauntlet | Found a large runed translucent door.
 11677 | Gauntlet | Found a large runed translucent door.
 11677 | Gauntlet | Found a large runed translucent door.
 11677 | Gauntlet | Found a large runed translucent door.
 11679 | Gauntlet | Found a runed translucent gate.
 11679 | Gauntlet | Found a runed translucent gate.
 11679 | Gauntlet | Found a runed translucent gate.
 11681 | Gauntlet | Found a transporter.
 11692 | Gauntlet | Found a large runed translucent door.
 11738 | Gauntlet | Noticed a two-headed ogre
 11742 | Gauntlet | a two-headed ogre changed into a dream sheep
 11840 | Gauntlet | Reached skill level 8 in Armour
 11871 | Gauntlet | Killed a sixfirhy
 11874 | Gauntlet | Killed a sixfirhy
 11882 | Gauntlet | Identified the +6 hand axe of the Fray {freeze, +Rage SInv}
 11895 | Gauntlet | Noticed a minotaur
 11912 | Gauntlet | Killed a minotaur
 11913 | Gauntlet | Reached XP level 12. HP: 72/78 MP: 10/19
 11941 | Gauntlet | Reached skill level 9 in Armour
 12140 | D:12     | Noticed Snorg
 12689 | D:11     | Reached skill level 10 in Invocations
 12690 | D:11     | Reached ***** piety under Makhleb
 12783 | D:11     | Noticed a two-headed ogre
 12796 | D:11     | Killed a two-headed ogre
 13471 | D:12     | Reached skill level 10 in Armour
 13513 | D:12     | Noticed a sun demon
 13823 | D:12     | Killed Snorg
 13927 | D:13     | Found a gate to the Vaults.
 13928 | D:13     | Noticed an ice dragon
 13944 | D:13     | Noticed a centaur warrior
 13954 | D:12     | Reached skill level 1 in Shields
 13973 | D:12     | Reached skill level 11 in Armour
 14182 | D:13     | Reached XP level 13. HP: 60/84 MP: 12/21
 14416 | D:13     | Reached skill level 5 in Shields
 14553 | D:13     | Reached skill level 12 in Armour
 14588 | D:13     | Noticed a great orb of eyes
 14596 | D:13     | Killed a great orb of eyes
 14673 | D:13     | Found a blossoming altar of Fedhas.
 14696 | D:13     | Killed Rupert
 15168 | D:13     | Killed Urug
 15720 | D:14     | Noticed Louise
 15894 | Lair:1   | Entered Level 1 of the Lair of Beasts
 16296 | Lair:1   | Gained mutation: Your large and strong wings let you fly.
                  | [Gargoyle growth]
 16296 | Lair:1   | Reached XP level 14. HP: 94/94 MP: 22/22
 16394 | Lair:1   | Noticed Harold
 16419 | Lair:1   | Killed Harold
 16724 | Lair:1   | Noticed Sonja
 16734 | Lair:1   | Killed Sonja
 17284 | Lair:2   | Found a staircase to the Snake Pit.
 18526 | Lair:3   | Reached skill level 13 in Armour
 18749 | Lair:3   | Reached skill level 10 in Shields
 18786 | Lair:3   | Found a staircase to the Swamp.
 19011 | Lair:4   | Noticed Kirke
 19029 | Lair:4   | Killed Kirke
 19950 | Lair:5   | Reached XP level 15. HP: 98/101 MP: 19/23
 20223 | Lair:5   | Identified the +6 chain mail "Inod" {Harm *Slow +Blink
                  | rPois}
 20544 | Lair:5   | Reached skill level 14 in Armour
 21133 | Lair:6   | Entered Level 6 of the Lair of Beasts
 21344 | Lair:6   | Reached skill level 15 in Fighting
 21456 | Lair:6   | Found a staircase to the Slime Pits.
 21458 | Lair:6   | Found a viscous altar of Jiyva.
 21493 | Lair:6   | Found a runed translucent door.
 21493 | Lair:6   | Noticed mhtbhm's ghost (journeyman MiFi)
 21499 | Lair:6   | Found the +6 lightning scales {swift rElec}
 21502 | Lair:6   | Identified the +4 trident of Lusia {speed, rPois rF+ rN+}
 22127 | Lair:6   | Killed mhtbhm's ghost
 22836 | Orc:1    | Entered Level 1 of the Orcish Mines
 22836 | Orc:1    | Found an iron altar of Okawaru.
 23037 | Orc:2    | Entered Level 2 of the Orcish Mines
 23531 | Orc:2    | Noticed an orc warlord
 23540 | Orc:2    | Killed an orc warlord
 23542 | Orc:2    | Noticed Nessos
 23551 | Orc:2    | Noticed Jorgrun
 23558 | Orc:2    | Found Rippomaz's Antique Armour Emporium.
 24103 | Orc:1    | Killed Jorgrun
 24104 | Orc:1    | Reached skill level 15 in Armour
 24104 | Orc:1    | Reached XP level 16. HP: 109/109 MP: 22/24
 24135 | Orc:2    | Killed Nessos
 24198 | Orc:2    | Found a staircase to the Elven Halls.
 24296 | Orc:2    | Found Urhiuv's Book Emporium.
 24305 | Orc:2    | Found Xaulin's Antique Weapon Emporium.
 24369 | Orc:2    | Found Hoif's General Store.
 25675 | Swamp:1  | Entered Level 1 of the Swamp
 26077 | Swamp:1  | HP: 1/111 [spriggan druid/+0 quarterstaff (9)]
 27539 | Swamp:2  | Identified a scroll of acquirement
 27539 | Swamp:2  | Acquired a +0 crystal plate armour
 28175 | Swamp:3  | Reached XP level 17. HP: 117/117 MP: 26/26
 28199 | Swamp:3  | Reached ****** piety under Makhleb
 28424 | Swamp:4  | Entered Level 4 of the Swamp
 28710 | Swamp:4  | Noticed a tentacled monstrosity
 28724 | Swamp:4  | Killed a tentacled monstrosity
 28855 | Swamp:4  | Noticed the 27-headed Lernaean hydra
 28868 | Swamp:4  | Killed the 27-headed Lernaean hydra
 29071 | Swamp:4  | Got a decaying rune of Zot
 29396 | Snake:1  | Entered Level 1 of the Snake Pit
 29516 | Snake:1  | Reached skill level 15 in Shields
 30260 | Snake:1  | Found a transporter.
 30260 | Snake:1  | Found a transporter.
 30529 | Snake:2  | Reached skill level 16 in Armour
 30701 | Snake:2  | Found Geicoere's Jewellery Boutique.
 30702 | Snake:2  | Found Yxkoaf's Book Emporium.
 30703 | Snake:2  | Found Upusoy's Jewellery Boutique.
 30983 | Snake:2  | Reached XP level 18. HP: 112/125 MP: 28/28
 31268 | Snake:2  | Found the +2 cloak of the Thief {*Fog Slay-2 SInv Stlth+}
 31768 | Snake:3  | Noticed Aizul
 31805 | Snake:3  | Killed Aizul
 31967 | Snake:3  | Found Plog's Jewellery Emporium.
 31967 | Snake:3  | Found Lopan's Jewellery Shoppe.
 31990 | Snake:3  | Found Nuzaq's Weapon Emporium.
 31992 | Snake:3  | Found Xemn's Antique Weapon Shoppe.
 32018 | Snake:3  | Bought the ring of Xalu {rN+ Str+3 Dex+2 Slay+3} for 801
                  | gold pieces
 32024 | Snake:3  | Bought the ring "Hyesuf" {Str+5 Dex+6 Slay+3} for 1772 gold
                  | pieces
 32389 | Snake:3  | Found Ywely's Weapon Emporium.
 32666 | Snake:4  | Entered Level 4 of the Snake Pit
 32717 | Snake:4  | Reached skill level 17 in Armour
 32903 | Snake:4  | Reached skill level 15 in Invocations
 33036 | Snake:4  | Noticed Nikola
 33059 | Snake:4  | Killed Nikola
 33631 | Snake:4  | Reached skill level 18 in Armour
 33650 | Snake:4  | Reached XP level 19. HP: 130/130 MP: 31/31
 34158 | Snake:4  | Got a serpentine rune of Zot
 34320 | Snake:4  | Identified the +0 plate armour of Gozag's Esteem {rPois rC-
                  | Int+4}
 34710 | Vaults:1 | Entered Level 1 of the Vaults
 34762 | Vaults:1 | Found a huge runed gate.
 34762 | Vaults:1 | Found a huge runed gate.
 34762 | Vaults:1 | Found a huge runed gate.
 34762 | Vaults:1 | Found a huge runed gate.
 34762 | Vaults:1 | Found a huge runed gate.
 34762 | Vaults:1 | Found a huge runed gate.
 34763 | Vaults:1 | Found a huge runed gate.
 34763 | Vaults:1 | Found a huge runed gate.
 34763 | Vaults:1 | Found a huge runed gate.
 34763 | Vaults:1 | Found a huge runed gate.
 34763 | Vaults:1 | Found a huge runed gate.
 34764 | Vaults:1 | Found a huge runed gate.
 34765 | Vaults:1 | Found a huge runed gate.
 34766 | Vaults:1 | Found a huge runed gate.
 34767 | Vaults:1 | Found a huge runed gate.
 34768 | Vaults:1 | Found a huge runed gate.
 34776 | Vaults:1 | Found a huge runed gate.
 34776 | Vaults:1 | Found a huge runed gate.
 34776 | Vaults:1 | Found a huge runed gate.
 34776 | Vaults:1 | Found a huge runed gate.
 34776 | Vaults:1 | Found a huge runed gate.
 34776 | Vaults:1 | Found a huge runed gate.
 34777 | Vaults:1 | Found a huge runed gate.
 35105 | Vaults:1 | Reached skill level 19 in Armour
 35819 | Vaults:1 | Found a huge runed gate.
 35820 | Vaults:1 | Found a huge runed gate.
 35828 | Vaults:1 | Found a huge runed gate.
 35828 | Vaults:1 | Found a huge runed gate.
 35828 | Vaults:1 | Found a huge runed gate.
 35828 | Vaults:1 | Found a huge runed gate.
 35828 | Vaults:1 | Found a huge runed gate.
 35828 | Vaults:1 | Found a huge runed gate.
 35829 | Vaults:1 | Found a huge runed gate.
 35830 | Vaults:1 | Found a huge runed gate.
 35831 | Vaults:1 | Found a huge runed gate.
 35839 | Vaults:1 | Found a huge runed gate.
 35839 | Vaults:1 | Found a huge runed gate.
 36269 | Vaults:1 | Reached XP level 20. HP: 136/136 MP: 32/32
 36448 | Vaults:1 | Reached skill level 20 in Armour
 36662 | Vaults:1 | Identified the +9 long sword of Karma {drain, +Blink rN+
                  | Int+6}
 36719 | Vaults:1 | Identified the Tome of Warped Heat
 36753 | Vaults:1 | Paralysed by a floating eye for 4 turns
 36855 | Vaults:1 | Found the +9 staff of Wucad Mu {*channel}
 37296 | Vaults:2 | Noticed Donald
 37307 | Vaults:2 | Killed Donald
 37603 | Vaults:2 | Noticed Margery
 37638 | Vaults:2 | Killed Margery
 37771 | Vaults:2 | Found a runed translucent gate.
 37772 | Vaults:2 | Found a runed translucent gate.
 37774 | Vaults:2 | Found a runed translucent gate.
 37778 | Vaults:2 | Noticed quaternion's ghost (veteran MiFi)
 37909 | Vaults:2 | Reached skill level 21 in Armour
 37927 | Vaults:2 | Noticed Frederick
 37938 | Vaults:2 | Killed Frederick
 37939 | Vaults:2 | Reached XP level 21. HP: 141/141 MP: 34/34
 38157 | Vaults:2 | Killed quaternion's ghost
 38546 | Vaults:3 | Found a flickering gateway to a bazaar.
 38583 | Bazaar   | Entered a bazaar
 38583 | Bazaar   | Found Raixtiju's Magic Scroll Emporium.
 38583 | Bazaar   | Found Fifima's Jewellery Shoppe.
 38583 | Bazaar   | Found Kasinyag's Armour Shop.
 38585 | Bazaar   | Found Mueq's Jewellery Boutique.
 38637 | Bazaar   | Bought a scroll of enchant weapon for 75 gold pieces
 38637 | Bazaar   | Bought a scroll of brand weapon for 200 gold pieces
 38637 | Bazaar   | Bought a scroll of holy word for 75 gold pieces
 38643 | Bazaar   | Bought the ring "Reichyca" {rC+ Int+2 Slay+3} for 341 gold
                  | pieces
 39190 | Vaults:3 | Reached skill level 22 in Armour
 39232 | Vaults:3 | Found a staircase to the Crypt.
 39232 | Vaults:3 | Found an ancient bone altar of Kikubaaqudgha.
 39232 | Vaults:3 | Found a basalt altar of Yredelemnul.
 39516 | Vaults:3 | Identified the +11 whip of Balance {drain, *Noise +Inv
                  | rElec rC++}
 40312 | Vaults:4 | Reached XP level 22. HP: 147/147 MP: 36/36
 40523 | Vaults:4 | Reached skill level 23 in Armour
 40716 | Vaults:4 | Identified the +8 scimitar of Hubris {venom, rC+ SInv}
 40717 | Vaults:4 | Identified the +2 leather armour of Intuition {Harm rC+++
                  | Int-3 Stlth+}
 41455 | Vaults:5 | Entered Level 5 of the Vaults
 41472 | Vaults:5 | Noticed a dread lich
 41490 | Vaults:4 | Reached skill level 15 in Maces & Flails
 41499 | Vaults:4 | Cast into level 3 of the Abyss (tengu reaver)
 41515 | Abyss:3  | Found a corrupted altar of Lugonu.
 41752 | Abyss:3  | Paralysed by accursed screaming for 1 turns
 42015 | Vaults:4 | Escaped the Abyss
 42052 | Vaults:4 | Acquired a manual of Maces & Flails
 42110 | Vaults:4 | Paralysed by something for 4 turns
 42125 | Vaults:4 | Paralysed by something for 5 turns
 42138 | Vaults:4 | Paralysed by something for 6 turns
 42150 | Vaults:4 | Paralysed by something for 5 turns
 42161 | Vaults:4 | Killed a dread lich
 42181 | Vaults:5 | Noticed a golden dragon
 42181 | Vaults:5 | Noticed a dread lich
 42191 | Vaults:5 | Reached XP level 23. HP: 129/152 MP: 37/37
 42219 | Vaults:4 | Killed a golden dragon
 42358 | Vaults:5 | Noticed a golden dragon
 42372 | Vaults:4 | Paralysed by something for 5 turns
 42385 | Vaults:4 | Killed a dread lich
 42563 | Vaults:5 | Found the +7 mace of Variability {chain chaos}
 42682 | Vaults:5 | Killed a golden dragon
 42756 | Vaults:5 | Noticed a dread lich
 42808 | Vaults:5 | Noticed an ancient lich
 42833 | Vaults:5 | Killed from afar by an ancient lich

Illustrated notes

Levels and vault maps discovered:
D:1:      nicolae_arrival_somewhat_less_tricky_arrival, layout_basic,
          basic_ecumenical_altar, corner_web_ring, corexii_leaking_fountain
D:2:      cheibrodos_fertilizer, layout_loops_ring, kennysheep_generic_room_16
D:3:      layout_loops_ring, lemuel_tele_altar, uniq_grinder
D:4:      kennysheep_kobold_camp, layout_basic, old_standard_altar, uniq_sigmund
D:5:      layout_cave_pools, kennysheep_mini, vehumet_statue,
          lemuel_crystal_altar
D:6:      due_chaos_kobolds, layout_basic, zin_treasury, hangedman_ru_absence,
          gammafunk_ghost_split
D:7:      layout_rooms, lemuel_coloured_pillars_altar,
          minmay_temple_entry_ruins, kennysheep_generic_room_5
D:8:      layout_basic, kennysheep_little_box, uniq_maurice
D:9:      layout_grid_maze, nicolae_overflow_crystal_walls,
          jmf_multi_god_temple2, gammafunk_ghost_cemetery
D:10:     layout_cave_pools, lemuel_round_altar, old_standard_altar,
          lemuel_doored_altar, serial_bayou, serial_bayou_pond_a,
          serial_bayou_pond_c, serial_bayou_shore_b, serial_bayou_ford_a,
          serial_bayou_lagoon_a, uniq_erolcha
D:11:     cheibrodos_helix_gallery, layout_long_grid, lair_entry_dummy
D:12:     layout_cave_pods, gauntlet_entry_generic, uniq_snorg
D:13:     minmay_the_grid_plus [minmay_the_grid_small_cups,
          minmay_the_grid_plusring, minmay_the_grid_all_tris,
          minmay_the_grid_garden, minmay_the_grid_prize_four_corners],
          layout_basic, david_vaults_3, fedhas_ov_isle_minmay, uniq_urug
D:14:     layout_basic, elyvilon_altar_1, nicolae_trove_entry_crystal,
          uniq_louise
Lair:1:   layout_regular_city, serial_forest, infiniplex_forest_straight_4,
          infiniplex_forest_straight_4, infiniplex_forest_lined_room_2,
          infiniplex_forest_straight_4, infiniplex_forest_zigzag_2,
          infiniplex_forest_side_room, st_stairs_12, serial_bayou_pond_d,
          serial_bayou_shore_b, serial_bayou_shore_b, uniq_harold, uniq_sonja
Lair:2:   minmay_lair_venomous_thicket, layout_loops_ring,
          guppyfry_snake_entry_garden
Lair:3:   layout_roguey, palyth_hydra_swamp_entry, infiniplex_staircase_pool
Lair:4:   layout_concentric_octagons, wad_woods_road_01, beast_lair_carwin_9,
          uniq_kirke
Lair:5:   layout_small_grid, beast_lair_carwin_10, lemuel_fruit_fields
Lair:6:   due_jungle_book, layout_regular_city, slime_altar_1,
          ebering_ghost_funeral_grove, grunt_megastairs_3
Swamp:1:  layout_falls_marsh, evilmike_swamp_ruin_house_6, swamp_pool3,
          nicolae_swamp_catching_bugs
Swamp:2:  layout_basic_swamp, evilmike_swamp_ruin_house_1
Swamp:3:  layout_basic_swamp, evilmike_swamp_ruin_house_5
Swamp:4:  swamp_old_school, layout_basic_swamp
Snake:1:  gammafunk_the_bubble [the_bubble_gammafunk_plus_minus],
          layout_cave_pods
Snake:2:  layout_gridlike, minmay_shop_grove
Snake:3:  layout_chambers, serial_shops, nicolae_shop_waterfront, drop_trap,
          minmay_shoptagon, uniq_aizul
Snake:4:  snake_pit_salamanders_mu, layout_cave_town, drop_trap, uniq_nikola
Orc:1:    layout_caves, okawaru_metal_pillars_1_2
Orc:2:    grunt_orc_cross, layout_caves, uniq_jorgrun, uniq_rupert, uniq_nessos
Vaults:1: nicolae_vaults_theta, nicolae_vaults_big_ls, vaults_not_door_vault_mu,
          vaults_room_corners, nicolae_vaults_ninety_degrees,
          hangedman_vaults_variations, ontoclasm_vaults_loading_screen,
          st_greater_box_3, v_alt_pattern_1, nicolae_vaults_little_squares_1,
          v_misc_16, vaults_room_stairs_pillars, v_pattern_5,
          ontoclasm_vaults_ligature, layout_vaults_omnicross
Vaults:2: gammafunk_vaults_ghost_necromancy, vaults_room_hallway,
          ontoclasm_vaults_decontamination, nicolae_vaults_alarming,
          ontoclasm_vaults_chip, ontoclasm_vaults_fault, v_rooms_3,
          hangedman_vaults_stitches, nicolae_vaults_network_square, v_misc_23,
          vaults_room_pool, v_pattern_1, layout_vaults_omnibox, uniq_margery,
          uniq_frederick, uniq_donald
Vaults:3: ontoclasm_vaults_shout, nicolae_vaults_mini_display_case,
          minmay_crypt_entry_necro_gods, nicolae_vaults_network_quinsquares
          [nicolae_vaults_network_quincunx_subvault,
          nicolae_vaults_network_quincunx_subvault,
          nicolae_vaults_network_quincunx_subvault,
          nicolae_vaults_network_quincunx_subvault], grunt_vaults_hallway_short,
          v_alt_pattern_4, v_misc_31, vaults_room_grunt_arrival_checkpoint,
          nicolae_vaults_yaktaur_gun_rack, layout_vaults_omnigrid, serial_shops,
          freezing_bzr
Vaults:4: grunt_vaults_hallway_short, nicolae_vaults_quartermaster,
          v_alt_pattern_6, v_rooms_2, nicolae_vaults_network_s,
          ontoclasm_vaults_claustrophobia, vaults_room_boxed, vaults_mumra_hex,
          vaults_mumra_chevron, vaults_room_corners, layout_vaults_maze
Vaults:5

Skill      XL: |  1  2  3  4  5  6  7  8  9 10 11 12 13 14 15 16 17 18 19 20 21 22 23 |
---------------+----------------------------------------------------------------------+-----
Fighting       | 4 5 6 7 9 10 11 13 14 15 17 18 | 18.0
Staves         | 1 2 |  2.1
Maces & Flails | 4 5 6 8 9 11 12 17 20 | 20.6
Invocations    | 3 6 9 11 12 13 16 17 19 20 | 20.0
Armour         | 1 5 8 11 12 13 15 16 18 19 21 22 23 | 23.0
Shields        | 3 8 10 12 14 15 | 15.0
Dodging        | |  2.4
Stealth        | |  2.1

Action                   |  1- 3 |  4- 6 |  7- 9 | 10-12 | 13-15 | 16-18 | 19-21 | 22-24 || total
-------------------------+-------+-------+-------+-------+-------+-------+-------+-------++-------
Melee: Mace              |    45 |       |       |       |       |       |       |       ||    45
       Quarterstaff      |    18 |    49 |       |       |       |       |       |       ||    67
       Whip              |       |    87 |   361 |   743 |  1474 |  2118 |  1155 |       ||  5938
       Demon whip        |       |       |       |       |       |       |   850 |   919 ||  1769
Invok: Minor Destruction |       |       |       |     6 |     5 |     8 |       |       ||    19
       Lesser Servant of |       |       |       |     3 |    31 |    13 |     8 |       ||    55
       Major Destruction |       |       |       |     2 |    37 |    49 |     6 |     6 ||   100
       Greater Servant o |       |       |       |       |       |       |     7 |     6 ||    13
Evoke: Wand              |       |       |       |       |       |     1 |     1 |     4 ||     6
       Phantom mirror    |       |       |       |       |       |     1 |       |       ||     1
  Use: Scroll            |       |     6 |     6 |     9 |     9 |    12 |    11 |     8 ||    61
       Potion            |       |       |     6 |     2 |     3 |    10 |     1 |     5 ||    27
 Stab: Sleeping          |    10 |     5 |       |       |       |       |       |       ||    15
       Distracted        |       |     1 |       |       |    15 |     3 |     6 |     2 ||    27
       Confused          |       |       |       |       |       |     3 |       |       ||     3
Armor: Robe              |    11 |       |       |       |       |       |       |       ||    11
       Ring mail         |     7 |    59 |   138 |    35 |       |       |       |       ||   239
       Chain mail        |       |       |       |   387 |   781 |   272 |       |       ||  1440
       Scale mail        |       |       |       |     1 |       |       |       |       ||     1
       Crystal plate arm |       |       |       |       |       |   912 |   931 |   933 ||  2776
Dodge: Dodged            |    40 |    71 |   169 |   278 |   431 |   426 |   326 |   260 ||  2001
Block: Kite shield       |       |       |       |       |   437 |  1342 |  1177 |   827 ||  3783
       Reflection        |       |       |       |       |       |    41 |    51 |    10 ||   102

Table legend: (Time is in decaauts)
 A = Elapsed time spent in this place.
 B = Non-inter-level travel time spent in this place.
 C = Inter-level travel time spent in this place.
 D = Time resting spent in this place.
 E = Time spent auto-exploring this place.
 F = Levels seen in this place.
 G = Mean time per level.
                   A        B        C        D        E       F      G
               +--------+--------+--------+--------+--------+-----+--------+
         Total |  39270 |  36855 |   2415 |    455 |  27339 |  38 | 1033.4 |
       Dungeon |  14989 |  13993 |    996 |    233 |  10973 |  14 | 1070.6 |
          Lair |   6591 |   6089 |    502 |      0 |   5116 |   6 | 1098.5 |
         Swamp |   3270 |   3137 |    133 |      0 |   2365 |   4 |  817.5 |
     Snake Pit |   4525 |   4141 |    384 |      4 |   2875 |   4 | 1131.2 |
  Orcish Mines |   2576 |   2404 |    172 |    218 |   1649 |   2 | 1288.0 |
        Vaults |   6288 |   6062 |    226 |      0 |   3753 |   5 | 1257.6 |
         Abyss |    423 |    423 |      0 |      0 |    233 |   1 |  423.0 |
        Bazaar |     68 |     68 |      0 |      0 |     52 |   1 |   68.0 |
      Gauntlet |    537 |    537 |      0 |      0 |    322 |   1 |  537.0 |
               +--------+--------+--------+--------+--------+-----+--------+

Top non-repeatable levels by time:
Vaults:1: 1808 daAuts
Vaults:4: 1781 daAuts
    D:13: 1703 daAuts
     D:6: 1610 daAuts
 Snake:4: 1551 daAuts
     D:4: 1468 daAuts
  Lair:6: 1402 daAuts
   Orc:1: 1386 daAuts
     D:9: 1377 daAuts
     D:2: 1369 daAuts
Vaults:3: 1369 daAuts
     D:1: 1348 daAuts
   Orc:2: 1189 daAuts
 Snake:3: 1178 daAuts
  Lair:2: 1171 daAuts
